 Dungeon Crawl Stone Soup version 0.32-a0-172-gc5dd13f2a7 (webtiles) character file.

Game seed: 6561173775826784067

9 croobank the Sneak (level 2, -5/24 HPs)
             Began as a Human Delver on Feb 12, 2024.
             Splashed by a jelly's acid (8 damage)
             ... on level 5 of the Dungeon.
             The game lasted 00:00:59 (44 turns).

croobank the Sneak (Human Delver)                     Turns: 44, Time: 00:00:59

Health: -5/24      AC:  3    Str: 12    XL:     2   Next: 12%
Magic:  2/2        EV: 12    Int: 10    God:
Gold:   0          SH:  0    Dex: 14    Spells: 1/1 levels left

rFire   . . .        a - +0 short sword
rCold   . . .        (no shield)
rNeg    . . .        b - +0 leather armour
rPois   .            (no helmet)
rElec   .            (no cloak)
rCorr   .            (no gloves)
SInv    .            (no boots)
Will    .....        (no amulet)
Stlth   +++          (no ring)
HPRegen 0.24/turn    (no ring)
MPRegen 0.08/turn

%: no passive effects
@: hasted, very quick
A: explore regen
a: no special abilities


You were on level 5 of the Dungeon.
You visited 1 branch of the dungeon, and saw 3 of its levels.

Inventory:

Hand Weapons
 a - a +0 short sword (weapon)
Armour
 b - a +0 leather armour (worn)
Wands
 g - a wand of digging (3)
Scrolls
 c - a scroll of fog


   Skills:
 + Level 3.1 Fighting
 + Level 2.2 Short Blades
 + Level 2.2 Dodging
 + Level 5.1 Stealth


You had one spell level left.
You didn't know any spells.
Your spell library was empty.

Dungeon Overview and Level Annotations

Branches:
Dungeon (6/15)             Temple (0/1) D:5

Altars:

Annotations:
D:4 Edmund


Innate Abilities, Weirdness & Mutations

You regain HP and MP as you explore.


Message History

As you read the scroll of revelation, it crumbles to dust.
You feel aware of your surroundings.
Found an escape hatch in the floor.
You open the door.
There is an open door here.
An adder comes into view.
You close the door.
Found a stone staircase leading up.
A jelly comes into view.
The helpless adder fails to defend itself.
You impale the adder!!
You kill the adder!
You have reached level 2!
There is a stone staircase leading up here.
You climb upwards.
You hear the sound of rushing water.
There is an entrance to a sewer on this level.
Hurry and find it before the portal rusts away!
Edmund shouts!
There is a stone staircase leading down here.
Okay, then.
Edmund looks rather jealous.
You climb downwards.
There is a stone staircase leading up here.
You hit the jelly but do no damage.
Your hands burn!
The jelly hits you.
You are splashed with acid.
You hit the jelly but do no damage.
Your hands burn!
The jelly barely misses you.
You hit the jelly but do no damage.
Your hands burn!
* * * LOW HITPOINT WARNING * * *
You hit the jelly.
Your hands burn!
* * * LOW HITPOINT WARNING * * *
The jelly is moderately wounded.
The jelly barely misses you.
Okay, then.
Okay, then.
You feel yourself speed up. The jelly completely misses you.
The jelly attacks as it pursues you! The jelly hits you.
* * * LOW HITPOINT WARNING * * *
You are splashed with acid!
You die...

**#+#####..##+##........*
*,,,,,,**#.............#*
*,,,,,,* ##...........#*
,,,,,,,** #.........##*
,,,,,,,,* #.......###
,,,,,,,,* #......## ***
,,,,,,,,* #####...###
**,* ,,,,,,,,* ##...<##
*,** ,,,,,,,,*
##@....###**,* ,,,,,,,,*
###.J......##,,*
,,,,,,,**
*#...........#,,*
,,,,,***
#..............,* ,,****
##..........#...** ***
*** ##.............,*
***,*** ##............,*
**,,,,,***
###.........,,*
*,,,,,,,,** ####.....,,**


You could see a jelly.

Vanquished Creatures
  An adder (D:5)
1 creature vanquished.

Notes
Turn   | Place    | Note
-------+----------+-------------------------------------------
     0 | D:5      | croobank the Human Delver began the quest for the Orb.
     0 | D:5      | Reached XP level 1. HP: 18/18 MP: 1/1
     1 | D:6      | Noticed a hound
     1 | D:6      | Noticed a hound
     1 | D:6      | Noticed an ice beast
     1 | D:6      | Noticed a phantom
     2 | D:6      | Noticed a hound
     7 | D:5      | Noticed a hound
    25 | D:5      | Noticed a jelly
    28 | D:5      | Reached XP level 2. HP: 24/24 MP: 2/2
    32 | D:4      | Noticed Edmund
    44 | D:5      | Splashed by a jelly's acid

Illustrated notes

Levels and vault maps discovered:
D:4:      layout_basic, portal_sewer_entry_d, uniq_crazy_yiuf_cottage,
          uniq_edmund
D:5:      layout_cave_pods, minmay_temple_entry_poolview, grunt_ministairs_13
D:6:      layout_cave_pools, mainiacjoe_overflow_paths, serial_gnoll_camp,
          gnoll_camp_mini_basic, gnoll_camp_mini_doghouse, gnoll_camp_mini_hut,
          gnoll_camp_huts_moat, gnoll_camp_mini_hut, grums_kennel, serial_shops,
          nicolae_shop_tiny_glass, uniq_duvessa

Action                     || total
---------------------------++-------
  Melee: Short sword       ||     5
    Use: Scroll            ||     2
         Potion            ||     1
   Stab: Sleeping          ||     1
 Armour: Leather armour    ||     2
  Dodge: Dodged            ||     4

Table legend: (Time is in decaauts)
 A = Elapsed time spent in this place.
 B = Non-inter-level travel time spent in this place.
 C = Inter-level travel time spent in this place.
 D = Time resting spent in this place.
 E = Time spent auto-exploring this place.
 F = Levels seen in this place.
 G = Mean time per level.
                   A        B        C        D        E       F      G
               +--------+--------+--------+--------+--------+-----+--------+
         Total |     43 |     43 |      0 |      0 |      0 |   3 |   14.3 |
       Dungeon |     43 |     43 |      0 |      0 |      0 |   3 |   14.3 |
               +--------+--------+--------+--------+--------+-----+--------+

Top non-repeatable levels by time:
     D:5: 35 daAuts
     D:6: 5 daAuts
     D:4: 1 daAuts
